 Dungeon Crawl Stone Soup version 0.25-a0-166-g16436c4407 (webtiles) character file.

Game seed: 13870041869210734326, levelgen mode: deterministic

11603 mortelune the Severer (level 11, -2/101 (102) HPs)
             Began as a Minotaur Berserker on Nov 23, 2019.
             Was a High Priest of Trog.
             Slain by a white ugly thing (31 damage)
             ... on level 11 of the Dungeon.
             The game lasted 00:20:54 (9809 turns).

mortelune the Severer (Minotaur Berserker)          Turns: 9809, Time: 00:20:55

HP:   -2/101 (102)  AC: 17    Str: 28    XL:     11   Next: 51%
MP:   10/10         EV: 11    Int:  5    God:    Trog [*****.]
Gold: 446           SH:  0    Dex: 11    Spells: 10/10 levels left

rFire    + . .     SeeInvis .   O - +1 battleaxe
rCold    . . .     Gourm    .   (shield currently unavailable)
rNeg     . . .     Faith    .   P - +3 scale mail {MR+}
rPois    .         Spirit   .   (helmet restricted)
rElec    .         Reflect  .   y - +0 cloak
rCorr    .         Harm     .   (no gloves)
MR       +++..                  f - +2 pair of boots
Stlth    ..........             m - amulet of regeneration
HPRegen  1.66/turn              q - +5 ring of strength
MPRegen  0.12/turn              W - ring of protection from fire

@: regenerating
A: retaliatory headbutt, horns 2
a: Berserk, Trog's Hand, Brothers in Arms, Renounce Religion


You were on level 11 of the Dungeon.
You worshipped Trog.
Trog was extremely pleased with you.
You were not hungry.

You visited 1 branch of the dungeon, and saw 11 of its levels.

You collected 635 gold pieces.
You spent 189 gold pieces at shops.

Inventory:

Hand Weapons
 O - a +1 battleaxe (weapon)
 Q - a cursed +0 morningstar
Missiles
 u - 7 curare-tipped darts
 x - 7 boomerangs (quivered)
 S - 2 throwing nets
Armour
 d - a +0 leather armour
 f - a +2 pair of boots (worn)
 r - a +0 ring mail
 v - a +0 scale mail
 w - a +0 chain mail
 y - a +0 cloak (worn)
 z - a +0 plate armour
 N - a +0 shield
 P - a +3 scale mail of magic resistance (worn)
Jewellery
 m - an amulet of regeneration (around neck)
 q - a +5 ring of strength (left hand)
 E - a cursed amulet of inaccuracy
 U - an uncursed amulet of the gourmand
 W - a ring of protection from fire (right hand)
Wands
 b - a wand of random effects (26)
 p - a wand of flame (33)
 H - a wand of paralysis (11)
 X - a wand of iceblast (8)
Scrolls
 a - a scroll of identify
 e - 6 scrolls of remove curse
 j - 6 scrolls of amnesia
 k - a scroll of silence
 l - 3 scrolls of immolation
 n - 4 scrolls of teleportation
 o - a scroll of vulnerability
 G - 3 scrolls of enchant armour
 M - 2 scrolls of blinking
Potions
 g - a potion of flight
 h - a potion of haste
 i - a potion of brilliance
 s - 2 potions of heal wounds
 t - 4 potions of resistance
 B - a potion of lignification
 D - 2 potions of mutation
 F - 5 potions of curing
 I - a potion of berserk rage {unknown}
 K - a potion of invisibility {unknown}
 T - a potion of magic {unknown}
 Y - 2 potions of ambrosia {unknown}
Comestibles
 c - 25 rations
 A - 7 chunks of flesh


   Skills:
 + Level 11.4 Fighting
 * Level 15.1 Axes
 + Level 11.1 Armour
 - Level 2.4 Dodging


You had 10 spell levels left.
You didn't know any spells.
Your spell library contained the following spells:

 Spells                   Type           Power        Failure   Level  Hunger
 Confusing Touch          Hex            #.....       69%         1    ##.....
 Magic Dart               Conj           #...         69%         1    ##.....
 Sting                    Conj/Pois      #...         69%         1    ##.....
 Poisonous Vapours        Pois/Air       #.....       83%         2    ###....
 Searing Ray              Conj           #.....       83%         2    ###....
 Confuse                  Hex            #.......     96%         3    ####...
 Dazzling Spray           Conj/Hex       #.....       96%         3    ####...
 Gell's Gravitas          Tloc           #.........   96%         3    ####...
 Mephitic Cloud           Conj/Pois/Air  #.......     96%         3    ####...
 Force Lance              Conj/Tloc      #.......     100%        4    #####..
 Fulminant Prism          Conj/Hex       #.........   100%        4    #####..
 Iskenderun's Mystic Bla  Conj           #.......     100%        4    #####..
 Olgreb's Toxic Radiance  Pois           #.......     100%        4    #####..
 Petrify                  Tmut/Erth      #.......     100%        4    #####..
 Metabolic Englaciation   Hex/Ice        #.........   100%        5    ######.
 Venom Bolt               Conj/Pois      #.........   100%        5    ######.
 Yara's Violent Unravell  Hex/Tmut       #.........   100%        5    ######.


Dungeon Overview and Level Annotations

Branches:
Dungeon (11/15)            Temple (0/1) D:6            Lair (0/6) D:8
    Orc: D:9-12

Altars:
Ashenzari
Vehumet
Yredelemnul

Shops:
D:4 [   D:10 ?


Innate Abilities, Weirdness & Mutations

You reflexively headbutt those who attack you in melee.
You have a pair of horns on your head.


Message History

Trog accepts your kill. The white ugly thing gores you.
The white ugly thing freezes you!!
You hit the white ugly thing.
The white ugly thing is lightly wounded.
You hit the ice beast but do no damage. The ice beast barely misses you.
The white ugly thing barely misses you. You furiously retaliate!
You headbutt the white ugly thing! You closely miss the white ugly thing.
Your headbutt misses the white ugly thing.
The white ugly thing is lightly wounded.
You slice the ice beast!!
You kill the ice beast!
Trog accepts your kill. The white ugly thing gores you!
The white ugly thing freezes you!!
Your skin crawls.
You feel resistant to hostile enchantments.
You feel somewhat more hungry. The white ugly thing gores you!
* * * LOW HITPOINT WARNING * * *
The white ugly thing freezes you!!
You die...

##.## #!.. # #...#
#[.#.# #...#######
#..#.# #.........#
.....### ###...#####.#
#.!.....
..........#.###[....#
................#
..........#.###.###^#...
###...#####.# #.@u......
#.........# ##†##.##.#
#...####### #(.. #...#
#..## #..# #..# #. #..$
##..# .##


You could see a white ugly thing.

Vanquished Creatures
  Harold (D:7)
  A hydra (D:6)
  3 two-headed ogres
  A cyclops (D:11)
  Prince Ribbit (D:8)
  Sigmund (D:3)
  9 yaks
  A human (D:2)
  Menkaure (D:7)
  2 soldier ants
  An acid dragon (D:11)
  3 orc warriors
  2 ice beasts
  3 sky beasts
  2 necrophages
  4 ogres
  5 phantoms
  4 centaurs
  A big kobold (D:9)
  7 bullfrogs
  A gnoll sergeant (D:8)
  A wyvern zombie (D:8)
  2 wyvern skeletons (D:10)
  8 scorpions
  9 killer bees
  7 howler monkeys
  8 wights
  5 crimson imps
  A bullfrog skeleton (D:6)
  A quasit (D:9)
  5 orc priests
  3 jellies
  A centaur zombie (D:5)
  2 hounds
  Crazy Yiuf (D:6)
  6 orc wizards
  2 iguanas
  Ijyb (D:4)
  Natasha (twice) (D:3)
  7 worker ants
  A killer bee zombie (D:7)
  A hound zombie (D:5)
  A howler monkey zombie (D:8)
  3 worker ant zombies
  15 gnolls
  2 howler monkey skeletons (D:5)
  8 adders
  2 shadow imps (D:7)
  8 worms
  4 leopard geckos
  36 orcs
  7 bats
  7 giant cockroaches
  6 goblins
  8 hobgoblins
  14 jackals
  6 kobolds
  2 quokkas
  A ball python (D:2)
  2 jackal skeletons (D:5)
  5 rats
  A plant (D:1)
266 creatures vanquished.

Vanquished Creatures (collateral kills)
  3 wights (D:10)
3 creatures vanquished.

Vanquished Creatures (others)
  2 adder zombies
  An orc (D:9)
3 creatures vanquished.

Grand Total: 272 creatures vanquished

Notes
Turn   | Place    | Note
-------+----------+-------------------------------------------
     0 | D:1      | mortelune the Minotaur Berserker began the quest for the
                  | Orb.
     0 | D:1      | Reached XP level 1. HP: 19/19 MP: 0/0
   407 | D:1      | Reached XP level 2. HP: 27/27 MP: 1/1
   646 | D:1      | Reached skill level 4 in Axes
   682 | D:1      | Found a shattered altar of Ashenzari.
  1220 | D:2      | Reached ** piety under Trog
  1222 | D:2      | Reached XP level 3. HP: 33/33 MP: 2/2
  1307 | D:2      | Found a runed translucent door.
  1307 | D:2      | Noticed a human
  1310 | D:2      | Found a basalt altar of Yredelemnul.
  1335 | D:2      | Killed a human
  1335 | D:2      | Reached skill level 5 in Axes
  1335 | D:2      | Reached XP level 4. HP: 17/41 MP: 3/3
  1335 | D:2      | Reached XP level 5. HP: 20/47 MP: 4/4
  1899 | D:3      | Reached skill level 5 in Fighting
  1899 | D:3      | Reached skill level 6 in Axes
  2123 | D:3      | Reached XP level 6. HP: 56/56 MP: 5/5
  2521 | D:3      | Noticed Natasha
  2544 | D:3      | Killed Natasha
  2612 | D:3      | Noticed Sigmund
  2619 | D:3      | Killed Sigmund
  2619 | D:3      | Reached skill level 7 in Axes
  2619 | D:3      | Reached skill level 5 in Armour
  2619 | D:3      | Reached XP level 7. HP: 62/62 MP: 6/6
  3009 | D:3      | Noticed Natasha
  3014 | D:3      | Killed Natasha
  3202 | D:4      | Noticed Ijyb
  3211 | D:4      | Killed Ijyb
  3240 | D:4      | Found Ewkocwun's Armour Shoppe.
  3250 | D:4      | Bought a +0 cloak for 54 gold pieces
  3341 | D:4      | Reached skill level 8 in Axes
  3576 | D:5      | Entered Level 5 of the Dungeon
  3801 | D:5      | Reached XP level 8. HP: 58/71 MP: 7/7
  4048 | D:5      | Reached skill level 9 in Axes
  4311 | D:5      | Reached *** piety under Trog
  4805 | D:6      | Reached skill level 10 in Axes
  4912 | D:6      | Found a staircase to the Ecumenical Temple.
  5320 | D:6      | Noticed a four-headed hydra
  5327 | D:6      | Killed a four-headed hydra
  5327 | D:6      | Reached skill level 11 in Axes
  5327 | D:6      | Reached XP level 9. HP: 82/82 MP: 8/8
  5566 | D:6      | Found a runed translucent door.
  5567 | D:6      | Noticed Crazy Yiuf
  5573 | D:6      | Killed Crazy Yiuf
  5676 | D:7      | Noticed Menkaure
  5684 | D:7      | Killed Menkaure
  6316 | D:7      | Found a radiant altar of Vehumet.
  6335 | D:7      | Noticed Harold
  6355 | D:7      | Killed Harold
  6355 | D:7      | Reached skill level 12 in Axes
  6523 | D:7      | Reached XP level 10. HP: 91/91 MP: 9/9
  6876 | D:8      | Noticed Prince Ribbit
  7203 | D:8      | Reached **** piety under Trog
  7232 | D:8      | Reached skill level 13 in Axes
  7294 | D:8      | Killed Prince Ribbit
  7294 | D:8      | Reached skill level 10 in Fighting
  7390 | D:8      | Found a staircase to the Lair.
  7419 | D:8      | Noticed a two-headed ogre
  7425 | D:8      | Killed a two-headed ogre
  7889 | D:9      | Reached skill level 10 in Armour
  8163 | D:9      | Reached skill level 14 in Axes
  8451 | D:9      | Identified the +1 robe of the Pink Corner {rF+}
  8469 | D:9      | Reached XP level 11. HP: 93/101 MP: 10/10
  8596 | D:10     | Entered Level 10 of the Dungeon
  8614 | D:10     | Noticed a two-headed ogre
  8622 | D:10     | Killed a two-headed ogre
  9102 | D:10     | Noticed a two-headed ogre
  9113 | D:10     | Killed a two-headed ogre
  9479 | D:10     | Found Reuskoin's Magic Scroll Emporium.
  9488 | D:10     | Bought 2 scrolls of identify for 40 gold pieces
  9488 | D:10     | Bought a scroll of blinking for 75 gold pieces
  9488 | D:10     | Bought a scroll of identify for 20 gold pieces
  9754 | D:11     | Reached ***** piety under Trog
  9754 | D:11     | Reached skill level 15 in Axes
  9803 | D:11     | Noticed a white ugly thing
  9809 | D:11     | Slain by a white ugly thing

Levels and vault maps discovered:
D:1:      scummos_arrival_gate, layout_basic, serial_forest,
          infiniplex_forest_corner_1, infiniplex_forest_end_2,
          infiniplex_forest_lined_room_2, infiniplex_forest_straight_4,
          infiniplex_forest_clump_small, infiniplex_forest_straight_1,
          infiniplex_forest_lined_ring, evilmike_ruin_ashenzari
D:2:      layout_basic, dk_yredelemnul_ordeal
D:3:      layout_basic, first_ration, uniq_sigmund, uniq_natasha
D:4:      layout_gridville, serial_shops, shop, uniq_ijyb
D:5:      minmay_thick_lines, layout_basic
D:6:      kennysheep_six_static_rooms, layout_loops_ring,
          minmay_temple_entry_slanted, uniq_crazy_yiuf_cottage
D:7:      layout_cave_pods, lemuel_round_altar, serial_column_ruins,
          column_ruins_courtyard_long, column_ruins_open_tiny,
          column_ruins_corridor_corner, column_ruins_open_medium,
          column_ruins_columns_corner, column_ruins_grid_3,
          column_ruins_columns_T, uniq_harold, uniq_menkaure
D:8:      layout_cave_pools, lair_entry_dummy, uniq_prince_ribbit1
D:9:      layout_loops_ring, blue_anna_alchemist [blue_anna_fruit_fields,
          blue_anna_fruit_fields], minmay_strange_pillars
D:10:     layout_cave_pools, serial_shops, nicolae_shop_waterfront, serial_park,
          serial_park_gazebo [serial_park_minivault_5x5_5], serial_park_tiny_1,
          serial_park_square3 [serial_park_minivault_5x5_7]
D:11:     layout_loops_cross, serial_shops, nicolae_shop_stone

Skill      XL: |  1  2  3  4  5  6  7  8  9 10 11 |
---------------+----------------------------------+-----
Axes           | 4 5 6 7 8 11 12 14 15 | 15.1
Fighting       | 4 5 6 8 9 10 11 | 11.4
Armour         | 3 4 5 7 8 10 11 | 11.1
Dodging        | |  2.4

Action                   |  1- 3 |  4- 6 |  7- 9 | 10-12 || total
-------------------------+-------+-------+-------+-------++-------
Melee: Hand axe          |    79 |   103 |   258 |       ||   440
       Headbutt          |    18 |    21 |    63 |    62 ||   164
       Flail             |       |       |     4 |       ||     4
       Battleaxe         |       |       |     1 |   262 ||   263
Throw: Boomerang         |       |       |     7 |    30 ||    37
Invok: Berserk           |       |     2 |     4 |     6 ||    12
       Trog's Hand       |       |       |     6 |     6 ||    12
       Brothers in Arms  |       |       |       |     1 ||     1
  Use: Scroll            |       |       |     5 |    20 ||    25
  Eat: Chunk             |     1 |     6 |    15 |    15 ||    37
       Ration            |       |       |     1 |     1 ||     2
Armor: Animal skin       |     2 |       |       |       ||     2
       Leather armour    |    10 |     4 |       |       ||    14
       Ring mail         |       |    29 |     6 |       ||    35
       Chain mail        |       |       |    21 |       ||    21
       Scale mail        |       |       |    16 |   176 ||   192
       Plate armour      |       |       |    85 |       ||    85
Dodge: Dodged            |    42 |    52 |    81 |   187 ||   362
Block: Shield            |       |       |     1 |       ||     1

Table legend:
 A = Non-vault XP
 B = Vault XP
 C = Vault XP percentage of total XP
 D = Non-vault monster count
 E = Vault monster count
 F = Vault count percentage of total count
                 A         B        C        D         E       F
            +---------+---------+-------+---------+---------+-------
      Total |   12120 |    4456 |  26.9 |     247 |      23 |   8.5
            +---------+---------+-------+---------+---------+-------
        D:1 |      29 |       0 |   0.0 |      16 |       0 |   0.0
        D:2 |      55 |     200 |  78.4 |      16 |       1 |   5.9
        D:3 |     363 |     266 |  42.3 |      45 |       2 |   4.3
        D:4 |     158 |      36 |  18.6 |       5 |       1 |  16.7
        D:5 |     860 |      91 |   9.6 |      21 |       4 |  16.0
        D:6 |     437 |    1260 |  74.2 |      10 |       6 |  37.5
        D:7 |     696 |    1148 |  62.3 |      25 |       2 |   7.4
        D:8 |    2902 |     268 |   8.5 |      32 |       1 |   3.0
        D:9 |    2548 |     103 |   3.9 |      33 |       1 |   2.9
       D:10 |    2808 |    1084 |  27.9 |      36 |       5 |  12.2
       D:11 |    1264 |       0 |   0.0 |       8 |       0 |   0.0
            +---------+---------+-------+---------+---------+-------
